Map: [EWC] Crimson Court

Players

Coffee

  • Race: Terran Terran
  • Spawn Location: 7:00

Serral - Winner!

  • Race: Zerg Zerg
  • Spawn Location: 1:00

Event: Esports World Cup 2024

VOD

Have the link to the VOD?

Description

Time

  • Played on: Aug. 14, 2024, 10:51 a.m.
  • Length: 15:12

All games in this series

Show
View Real Time Build Order
Export as new Build Order

Coffee Terran 

Build Orders: Reaper Expand, Hellion Banshee 

Get SALT Encoding   

  12  0:00  SCV  
  13  0:12  SCV  
  14  0:17  Supply Depot  
  14  0:24  SCV  
  15  0:39  SCV  
  15  0:41  Barracks  
  16  0:45  Refinery  
  16  0:51  SCV  
  17  1:03  SCV  
  18  1:15  SCV  
  19  1:28  Orbital Command, Reaper  
  20  1:41  Command Center  
  20  1:49  Supply Depot  
  20  1:54  SCV  
  20  2:00  Marine  
  22  2:06  SCV  
  23  2:09  Factory  
  23  2:14  Refinery  
  23  2:18  SCV  
  24  2:23  Barracks Reactor  
  24  2:30  SCV  
  25  2:43  SCV  
  26  2:56  Orbital Command  
  26  2:57  SCV  
  27  3:02  Starport  
  27  3:04  Hellion x2  
  31  3:09  Barracks Tech Lab  
  31  3:14  SCV  
  31  3:17  Supply Depot  
  32  3:22  SCV  
  32  3:26  Hellion x2  
  37  3:33  SCV  
  38  3:34  SCV  
  38  3:39  Barracks Tech Lab  
  39  3:45  Cloaking Field, Banshee  
  42  3:49  SCV x2  
  42  3:52  Hellion x2  
  48  3:58  Supply Depot  
  48  4:02  SCV x2  
  49  4:14  SCV x2  
  47  4:20  Stimpack  
  47  4:22  Command Center  
  47  4:26  SCV x2  
  47  4:28  Banshee  
  52  4:40  Barracks x2, Factory Reactor  
  51  4:47  SCV x2  
  52  4:55  Engineering Bay x2  
  52  4:59  SCV x2  
  54  5:06  Refinery x2  
  54  5:08  Supply Depot  
  54  5:11  SCV x2  
  56  5:21  Terran Infantry Weapons Level 1, Terran Infantry Armor Level 1  
  56  5:22  Starport Reactor  
  56  5:23  SCV x2  
  58  5:33  Barracks x2  
  58  5:35  Siege Tank  
  61  5:43  SCV x2  
  61  5:45  Marine x4  
  61  5:46  Marine  
  68  5:53  Supply Depot x2  
  68  5:55  SCV  
  68  5:56  SCV  
  68  5:59  Combat Shield  
  68  6:03  Marine x3, Medivac  
  73  6:08  SCV x2  
  75  6:12  Orbital Command  
  75  6:18  Marine x2  
  77  6:20  SCV x2  
  77  6:21  Marine x2  
  77  6:24  Siege Tank  
  84  6:25  Medivac  
  84  6:32  SCV x2  
  88  6:35  Supply Depot  
  88  6:37  Marine x2  
  90  6:40  SCV, Barracks Reactor  
  90  6:43  Barracks Reactor  
  90  6:44  SCV x2  
  93  6:47  Supply Depot x2  
  93  6:50  Armory  
  93  6:52  SCV  
  94  6:56  SCV x2, Marine x4  
  94  6:57  Marine  
  101  7:05  SCV  
  101  7:08  SCV x2, Siege Tank  
  107  7:13  Medivac x2  
  111  7:18  Barracks  
  111  7:19  Barracks  
  111  7:21  Marine x2, Barracks  
  111  7:22  Marine x3  
  116  7:23  Marine  
  117  7:36  Marine  
  109  7:37  Marine x2  
  109  7:38  Terran Infantry Armor Level 2, Terran Infantry Weapons Level 2  
  109  7:39  Marine x4  
  109  7:43  Refinery  
  115  7:46  Supply Depot x2  
  115  7:56  Marine x3  
  112  8:01  Marine x3  
  112  8:03  Siege Tank  
  118  8:09  Barracks Tech Lab, Supply Depot  
  118  8:10  Barracks Tech Lab x2, Supply Depot  
  118  8:11  Marine x2  
  118  8:12  Marine  
  121  8:14  Marine x3  
  121  8:19  Medivac x2  
  126  8:29  Marine x2  
  126  8:30  Marine x3  
  126  8:31  Marine x3  
  126  8:32  Marine x2  
  136  8:37  Command Center  
  136  8:38  Siege Tank  
  139  8:42  Marine x2  
  139  8:47  Marine x2  
  139  8:48  Marine  
  144  8:49  Liberator  
  144  8:52  Liberator  
  149  9:00  Supply Depot x2  
  146  9:12  Marine x4, Marauder  
  146  9:13  Siege Tank, Marine x2  
  157  9:18  Marine  
  157  9:21  Marine x3  
  158  9:27  Supply Depot x2, Barracks  
  154  9:40  Marine x5  
  154  9:41  Marine  
  154  9:42  Marauder x2, Medivac  
  154  9:43  Marauder, Medivac  
  164  9:56  Marauder  
  162  10:02  Marine x4  
  162  10:03  Siege Tank, Marine  
  162  10:04  Marauder, Factory  
  171  10:11  Marine  
  171  10:12  Marine x2, Marauder  
  171  10:13  Marauder  
  178  10:17  Marine  
  178  10:19  Marine x2  
  178  10:20  Planetary Fortress, Marine x2  
  180  10:21  Marine  
  160  10:38  Marauder x2  
  164  10:49  Siege Tank, Factory Tech Lab  
  165  10:51  Terran Infantry Armor Level 3, Liberator x2, Terran Infantry Weapons Level 3  
  165  10:55  Marauder  
  171  10:57  Marauder  
  171  10:58  Marine x2  
  175  11:06  Marine x3  
  175  11:09  Marauder  
  175  11:10  Siege Tank, Marauder  
  173  11:12  SCV  
  173  11:13  SCV x2, Unknown  
  173  11:14  Command Center  
  173  11:15  SCV  
  173  11:17  Marauder  
  168  11:27  Siege Tank  
  168  11:30  Marine x3  
  168  11:31  Marine, Marauder  
  175  11:32  Marine  
  175  11:33  Marine x2  
  175  11:34  Marauder  
  175  11:37  Marine x2, Marauder  
  178  11:40  Medivac  
  178  11:42  Siege Tank  
  176  11:48  Marine x3  
  176  11:49  Marine  
  176  11:50  Marine x2  
  176  11:52  Marauder  
  184  11:55  Marauder  
  184  11:59  Siege Tank  
  138  12:12  Liberator x2  
  138  12:14  Siege Tank  
  138  12:15  SCV x3  
  149  12:35  Marine x2, Marauder x4  
  149  12:36  Siege Tank  
  148  12:43  SCV x2  
  148  12:44  SCV  
  145  12:48  Orbital Command, Supply Depot x2  
  145  12:49  Supply Depot  
  145  12:54  Siege Tank  
  145  12:55  Marine x5  
  153  13:02  Marine x2  
  153  13:03  Marine x2  
  157  13:07  Marine x2  
  157  13:08  Siege Tank  
  149  13:14  Liberator x2  
  149  13:16  SCV x2  
  152  13:21  SCV x3  
  152  13:26  Siege Tank  
  158  13:39  Marauder x2  
  158  13:40  Siege Tank, Marine x3, Marauder x2  
  158  13:41  Marine x2  
  137  13:58  Siege Tank  
  137  14:00  Marauder  
  137  14:01  Marauder x3  
  135  14:06  Marine x3  
  131  14:10  Marine x2  
  131  14:12  Siege Tank, Marine x3  
  136  14:17  SCV x2  
  136  14:18  SCV  
  136  14:21  Orbital Command, SCV  
  136  14:22  Marauder x2  
  136  14:23  Marauder x2  
  136  14:24  Marine  
  148  14:28  Ghost Academy  
  148  14:29  SCV  
  150  14:42  Sensor Tower  
  150  14:43  Marauder x2  
  154  14:49  Marine x2  
  154  14:51  Marine x4  
Show
View Real Time Build Order
Export as new Build Order

Serral Zerg - Winner!

Build Orders: Hatch First 

Get SALT Encoding   

  12  0:00  Drone  
  13  0:12  Overlord  
  13  0:17  Drone  
  14  0:30  Drone x2  
  16  0:48  Hatchery  
  15  0:51  Drone  
  15  0:54  Drone  
  17  0:57  Drone  
  18  1:08  Extractor  
  17  1:13  Spawning Pool  
  17  1:16  Drone  
  17  1:19  Drone  
  18  1:28  Drone  
  19  1:39  Drone  
  20  1:49  Drone  
  21  1:59  Queen x2  
  21  2:00  Zergling x4  
  27  2:11  Overlord  
  27  2:12  Metabolic Boost  
  27  2:13  Drone  
  28  2:28  Hatchery  
  27  2:30  Drone  
  27  2:34  Drone  
  27  2:35  Drone  
  30  2:40  Drone  
  31  2:44  Queen  
  31  2:49  Overlord  
  33  2:54  Drone x2  
  33  2:57  Drone  
  36  3:04  Overlord  
  36  3:08  Drone x3  
  39  3:13  Drone  
  39  3:15  Queen  
  39  3:18  Drone  
  39  3:19  Drone  
  44  3:24  Queen  
  44  3:26  Drone  
  47  3:28  Drone  
  48  3:40  Drone  
  48  3:41  Queen  
  51  3:45  Zergling x4  
  51  3:46  Drone  
  51  3:47  Drone x3  
  57  3:53  Overlord  
  57  3:54  Zergling x2  
  58  4:02  Roach Warren  
  56  4:10  Queen  
  56  4:11  Drone x6  
  56  4:14  Drone  
  64  4:20  Overlord  
  64  4:21  Drone  
  64  4:22  Lair  
  65  4:27  Spore Crawler  
  65  4:28  Drone  
  65  4:29  Overlord  
  65  4:31  Overlord  
  65  4:41  Drone  
  65  4:45  Overlord  
  65  4:47  Spore Crawler  
  65  4:48  Spore Crawler  
  65  4:50  Drone x8  
  72  4:52  Drone  
  72  4:53  Drone x2  
  72  4:55  Extractor  
  72  4:57  Drone  
  72  4:58  Extractor  
  71  5:01  Drone x3  
  74  5:08  Roach x3  
  80  5:16  Roach x2  
  80  5:18  Drone  
  80  5:19  Hatchery  
  80  5:21  Overseer, Evolution Chamber x2  
  82  5:22  Drone x3, Extractor  
  82  5:24  Drone  
  82  5:25  Drone  
  82  5:27  Extractor  
  82  5:28  Extractor  
  84  5:29  Overlord  
  84  5:31  Glial Reconstitution  
  84  5:35  Drone x4  
  88  5:37  Overseer  
  88  5:39  Drone x2  
  90  5:45  Overlord x2  
  90  5:53  Zerg Missile Weapons Level 1  
  90  5:55  Drone x8  
  99  5:58  Hatchery  
  99  5:59  Overlord  
  99  6:02  Overlord  
  98  6:05  Zerg Ground Armor Level 1  
  98  6:06  Drone  
  98  6:07  Unknown  
  98  6:09  Drone x2  
  98  6:10  Drone  
  101  6:13  Infestation Pit  
  101  6:14  Overlord  
  101  6:16  Roach  
  102  6:21  Roach x3  
  108  6:28  Roach x2  
  112  6:34  Roach x5  
  112  6:35  Baneling Nest  
  121  6:41  Overlord  
  121  6:43  Roach x4  
  129  6:52  Hive, Roach  
  129  6:53  Roach x3  
  137  6:59  Drone  
  138  7:02  Overlord  
  138  7:05  Zergling x16  
  146  7:14  Zergling x12  
  152  7:21  Ravager x3  
  152  7:22  Centrifugal Hooks  
  155  7:25  Zergling x2  
  155  7:26  Zergling x6  
  155  7:29  Zergling x2  
  159  7:33  Zergling x6  
  159  7:34  Zergling x2  
  159  7:36  Overlord x2  
  159  7:37  Overlord x2  
  159  7:47  Zerg Melee Weapons Level 1  
  159  8:00  Zerg Ground Armor Level 2  
  159  8:03  Viper x2  
  159  8:05  Zergling x20  
  175  8:06  Baneling x14  
  175  8:07  Ravager x3  
  175  8:11  Zergling x10  
  183  8:15  Hatchery  
  183  8:16  Zergling x4  
  183  8:17  Zergling x10  
  189  8:23  Zergling x6  
  191  8:35  Baneling x9  
  191  8:36  Baneling x7  
  191  8:37  Zergling x2  
  191  8:40  Overlord x2  
  192  8:43  Adrenal Glands  
  192  8:45  Baneling x10  
  192  8:50  Hatchery  
  190  9:02  Zergling x20  
  198  9:17  Overseer  
  198  9:18  Zergling x2, Overlord  
  198  9:19  Zergling x2  
  195  9:33  Zergling x8  
  195  9:57  Zergling x18  
  198  10:11  Zerg Melee Weapons Level 2  
  197  10:23  Drone x3  
  197  10:26  Queen  
  194  10:33  Zergling x62  
  194  10:35  Queen x2  
  196  10:37  Baneling x14  
  196  10:38  Zerg Ground Armor Level 3  
  196  10:40  Ravager x4  
  200  10:43  Ultralisk Cavern  
  194  10:52  Zergling x12  
  189  11:03  Zergling x24  
  199  11:09  Zergling x18  
  190  11:19  Viper  
  190  11:22  Zergling x2  
  190  11:23  Zergling x10  
  191  11:30  Baneling x14  
  191  11:31  Chitinous Plating, Hatchery, Zergling x14  
  191  11:42  Zergling x10  
  191  11:43  Zergling x6  
  190  11:52  Zergling x20  
  183  12:02  Zergling x2  
  183  12:03  Zergling x14  
  172  12:11  Drone x6  
  172  12:12  Drone  
  172  12:14  Baneling x3  
  179  12:21  Viper x2  
  183  12:23  Baneling x6  
  183  12:26  Drone  
  183  12:34  Zergling x14  
  179  12:46  Drone x5  
  179  12:50  Anabolic Synthesis  
  184  12:52  Ultralisk x2  
  184  12:58  Baneling x2  
  192  13:01  Unknown  
  192  13:03  Drone  
  192  13:04  Drone  
  177  13:13  Zergling x16, Ultralisk x2  
  194  13:20  Baneling x10  
  194  13:22  Drone x2  
  196  13:28  Zergling x6  
  187  13:49  Zergling x32  
  188  14:01  Zergling x12, Ultralisk x2  
  199  14:08  Zergling x10, Ultralisk  
  200  14:14  Baneling x13  
  200  14:15  Baneling  
  200  14:26  Baneling x12  
  200  14:29  Hatchery  
  200  14:31  Zergling x2  
  199  14:48  Zergling x6  
Tags
 
Add a new tag
Caveats
  • Supply blocks, unpowered buildings, or Contaminate may cause inaccurate times.
  • Supply counts are checked every 10 seconds.